 Dungeon Crawl Stone Soup version 0.31.0-32-g396128a36d (webtiles) character file.

Game seed: 12844685717269981893

7803 ChadusMaximus the Convoker (level 11, 0/67 HPs)
             Began as a Barachi Summoner on Mar 9, 2024.
             Was a Believer of Hepliaklqana.
             Slain by a vampire mosquito (8 damage)
             ... on level 11 of the Dungeon.
             The game lasted 00:14:56 (11614 turns).

ChadusMaximus the Convoker (Barachi Summoner)      Turns: 11614, Time: 00:14:56

Health: 0/67       AC:  5    Str: 10    XL:     11   Next: 21%
Magic:  18/25      EV: 13    Int: 26    God:    Hepliaklqana [**....]
Gold:   134        SH:  0    Dex: 12    Spells: 12/30 levels left

rFire   . . .        p - +3 scythe
rCold   . . .        (shield currently unavailable)
rNeg    . . .        L - +1 robe {Will+}
rPois   +            N - +0 helmet
rElec   .            (no cloak)
rCorr   +            D - +0 pair of gloves
SInv    .            (no boots)
Will    +....        O - amulet "Jonozeh" {rPois Regen+}
Stlth   ++           l - +6 ring of intelligence
HPRegen 1.11/turn    t - ring of resist corrosion
MPRegen 0.19/turn

%: no passive effects
@: unable to hop, inugami summoned, slow
A: reduced essence, amphibious, slowness 1, strong legs 1, +LOS
a: Hop, Renounce Religion, Recall Ancestor, Ancestor Identity


You were on level 11 of the Dungeon.
You worshipped Hepliaklqana.
Hepliaklqana was pleased with you.
You visited 2 branches of the dungeon, and saw 12 of its levels.
You also visited: Sewer.

You collected 486 gold pieces.
You spent 352 gold pieces at shops.

Inventory:

Hand Weapons
 e - a +0 whip
 g - a +0 sling
 p - a +3 scythe (weapon)
 A - a +4 battleaxe of flaming
Missiles
 s - a throwing net
Armour
 a - a +0 robe
 y - a +0 troll leather armour {Pargi}
 D - a +0 pair of gloves (worn)
 F - a +1 ring mail of cold resistance
 L - a +1 robe of willpower (worn)
 N - a +0 helmet (worn)
 P - a +0 buckler
Jewellery
 l - a +6 ring of intelligence (left hand)
 t - a ring of resist corrosion (right hand)
 H - an amulet of faith
 I - a ring of positive energy
 M - an amulet of the acrobat
 O - the amulet "Jonozeh" (around neck) {rPois Regen+}
   (You bought it in a shop on level 10 of the Dungeon)

   [amulet of regeneration]

   rPois:     It protects you from poison Regen+: It increases your rate of
   health regeneration.
Wands
 G - a wand of paralysis (13)
 K - a wand of roots (9)
Scrolls
 m - 5 scrolls of blinking
 n - a scroll of torment {unknown}
 r - a scroll of enchant weapon
 v - a scroll of summoning
 w - 4 scrolls of amnesia
 x - 4 scrolls of fog {unknown}
 z - a scroll of vulnerability {unknown}
 B - a scroll of silence {unknown}
 C - 8 scrolls of teleportation
 E - a scroll of immolation {unknown}
 J - a scroll of fear {unknown}
Potions
 b - a potion of magic
 c - 2 potions of might
 d - 2 potions of brilliance
 f - 8 potions of curing
 h - a potion of ambrosia
 i - 3 potions of mutation
 j - a potion of enlightenment {unknown}
 k - a potion of haste {unknown}
 o - 2 potions of heal wounds {unknown}
 q - 2 potions of lignification {unknown}
 u - a potion of attraction {unknown}


   Skills:
 * Level 3.2 Fighting
 + Level 3.7 Dodging
 - Level 1.7 Stealth
 + Level 0.5 Shields
 + Level 10.2 Spellcasting
 - Level 16.1 Summonings


You had 12 spell levels left.
You knew the following spells:

 Your Spells              Type           Power      Damage    Failure   Level
a - Summon Small Mammal   Summ           100%       N/A       0%          1
b - Call Canine Familiar  Summ           77%        N/A       1%          3
c - Call Imp              Summ           100%       N/A       0%          2
d - Summon Lightning Spi  Summ/Air       53%        N/A       1%          4
e - Summon Blazeheart Go  Fire/Summ      53%        N/A       1%          4
f - Martyr's Knell        Necr/Summ      53%        N/A       1%          4

Your spell library contained the following spells:

 Spells                   Type           Power      Damage    Failure   Level
 Animate Armour           Summ/Erth      100%       N/A       1%          4
 Foxfire                  Conj/Fire      52%        2x1d6     4%          1
 Blink                    Tloc           26%        N/A       7%          2
 Cigotuvi's Dreadful Rot  Necr/Alch/Air  26%        N/A       7%          2
 Ensorcelled Hibernation  Hex/Ice        26%        N/A       7%          2
 Lesser Beckoning         Tloc           26%        N/A       7%          2
 Momentum Strike          Conj/Tloc      26%        3d8       7%          2
 Fugue of the Fallen      Necr           13%        N/A       14%         3
 Anguish                  Hex/Necr       6%         N/A       41%         4
 Cause Fear               Hex            6%         N/A       41%         4
 Dispel Undead            Necr           13%        3d9       41%         4
 Olgreb's Toxic Radiance  Alch           13%        N/A       41%         4
 Lee's Rapid Deconstruct  Erth           6%         3d6*      77%         5
 Death Channel            Necr           6%         N/A       100%        6
 Plasma Beam              Fire/Air       6%         2x1d17    100%        6
 Starburst                Conj/Fire      6%         6d4       100%        6
 Enfeeble                 Hex            6%         N/A       100%        7
 Ozocubu's Refrigeration  Ice            6%         4d8       100%        7
 Discord                  Hex            6%         N/A       100%        8


Dungeon Overview and Level Annotations

Branches:
Dungeon (11/15)            Temple (1/1) D:5           Sewer (visited)
   Lair: D:8-11         Orc: D:9-12

Altars:
Ashenzari
Cheibriados
Dithmenos
Elyvilon
Fedhas
Gozag
Hepliaklqana
Kikubaaqudgha
Makhleb
Nemelex Xobeh
Okawaru
Qazlal
Ru
Sif Muna
Trog
Uskayaw
Vehumet
Wu Jian
Xom
Yredelemnul
Zin
The Shining One

Shops:
D:4 (   D:5 *   D:10 **?

Annotations:
D:3 2 transporters, vvlvvlvvl's ghost, amateur DsAl


Innate Abilities, Weirdness & Mutations

Your life essence is reduced to manifest your ancestor. (-10% HP)
You are amphibious.
You cover ground slowly.
You can hop short distances.
You have an extended range of vision and can be seen from far away.


Message History

Boing!
The vampire mosquito bites your lightning spire.
Your inugami hits the vampire mosquito!
Your lightning spire shoots out a bolt of lightning at the vampire mosquito!
The bolt of electricity misses the vampire mosquito.
The vampire mosquito bites your inugami but does no damage.
The vampire mosquito bites your inugami.
The vampire mosquito barely misses you.
Your inugami hits the vampire mosquito!
Your lightning spire shoots out a bolt of lightning at the vampire mosquito!
The bolt of electricity hits the vampire mosquito!
The vampire mosquito bites your lightning spire.
The vampire mosquito misses you.
Unknown command.
You closely miss the vampire mosquito.
The vampire mosquito is severely damaged.
The vampire mosquito bites your lightning spire!
The vampire mosquito barely misses you.
The vampire mosquito bites your lightning spire but does no damage.
The vampire mosquito closely misses you.
Your inugami hits the vampire mosquito!
The vampire mosquito is destroyed!
The vampire mosquito closely misses you.
Unknown command.
You closely miss the vampire mosquito.
The vampire mosquito is severely damaged.
Your lightning spire disappears in a puff of smoke!
The vampire mosquito barely misses you. The vampire mosquito bites you.
* * * LOW HITPOINT WARNING * * *
The vampire mosquito draws strength from your injuries!
Your inugami hits the vampire mosquito. The vampire mosquito barely misses you.
Your inugami closely misses the vampire mosquito.
The vampire mosquito bites you!
* * * LOW HITPOINT WARNING * * *
The vampire mosquito draws strength from your injuries!
There is a stone staircase leading up here.
Unknown command.
You closely miss the vampire mosquito.
The vampire mosquito is severely damaged.
The vampire mosquito bites you!
You die...

........
......#
......#
####......#
#.........##
###..........#
#..hW........#
#..y.........#
#.<@........##
#.............
#...##........
#...# #####...
##### ##


You could see a vampire mosquito (ally target), a friendly martyred shade
(summoned) and a friendly inugami (summoned, sheltered).

Vanquished Creatures
  A wraith (D:9)
  2 yaks (D:9)
  A water moccasin (D:8)
  A black bear (D:8)
  A brain worm (Sewer)
  3 scorpions
  2 wights
  A bombardier beetle (D:5)
  An orc priest (D:4)
  2 hounds
  2 iguanas
  Jessica (D:3)
  5 adders
  A shadow imp (D:7)
  12 orcs
  13 endoplasms
  3 giant cockroaches
  5 goblins
  5 hobgoblins
  7 kobolds
  3 quokkas
  3 ball pythons
  8 bats
  3 frilled lizards
  4 rats
90 creatures vanquished.

Vanquished Creatures (collateral kills)
  A kobold demonologist (D:10)
  A tengu conjurer (D:10)
  Psyche (D:9)
  A troll (D:10)
  2 hornets
  Sigmund (D:3)
  A wyvern (D:9)
  A shadow (D:9)
  7 yaks
  5 vampire mosquitoes
  Menkaure (D:4)
  2 water moccasins (D:6)
  Pargi (Sewer)
  3 sky beasts
  An ice beast (D:8)
  2 orc warriors
  A black bear (D:4)
  3 centaurs
  2 phantoms (D:6)
  2 kobold brigands
  Blork the orc (D:5)
  A bullfrog (D:8)
  2 scorpions
  8 wights
  2 howler monkeys (D:10)
  2 hounds
  A jelly (D:7)
  4 orc priests
  A sleepcap (D:5)
  2 iguanas
  11 orc wizards
  3 gnolls (D:2)
  4 adders
  4 ufetubi
  A ribbon worm (D:3)
  31 orcs
  An endoplasm (D:2)
  A giant cockroach (D:3)
  2 hobgoblins
  12 kobolds
  A frilled lizard (D:2)
134 creatures vanquished.

Vanquished Creatures (others)
  2 ancestors (D:9)
  A knight (D:9)
3 creatures vanquished.

Grand Total: 227 creatures vanquished

Notes
Turn   | Place    | Note
-------+----------+-------------------------------------------
     0 | D:1      | ChadusMaximus the Barachi Summoner began the quest for the
                  | Orb.
     0 | D:1      | Reached XP level 1. HP: 13/13 MP: 3/3
   264 | D:1      | Reached skill level 5 in Summonings
   456 | D:1      | Reached XP level 2. HP: 18/19 MP: 5/5
   687 | D:1      | Reached XP level 3. HP: 24/24 MP: 7/7
   990 | D:1      | Learned a level 3 spell: Call Canine Familiar
   993 | D:1      | Learned a level 2 spell: Call Imp
  1162 | D:2      | Reached skill level 6 in Summonings
  1165 | D:2      | Reached XP level 4. HP: 15/30 MP: 1/8
  2597 | D:3      | Reached XP level 5. HP: 18/35 MP: 6/10
  2843 | D:3      | Noticed Sigmund
  2866 | D:3      | Killed Sigmund
  2867 | D:3      | Reached skill level 7 in Summonings
  2867 | D:3      | Reached XP level 6. HP: 38/41 MP: 2/12
  3320 | D:3      | Found a transporter.
  3330 | D:3      | Noticed vvlvvlvvl's ghost (amateur DsAl)
  3354 | D:3      | Noticed Jessica
  3358 | D:3      | Killed Jessica
  3381 | D:3      | Found a transporter.
  3652 | D:3      | Reached skill level 8 in Summonings
  3854 | D:4      | Found Lisaoc's Antique Weapon Shoppe.
  4025 | D:4      | Found a glowing drain.
  4041 | Sewer    | Entered a sewer
  4083 | Sewer    | Reached XP level 7. HP: 40/46 MP: 10/14
  4119 | Sewer    | Noticed Pargi
  4129 | Sewer    | Killed Pargi
  4130 | Sewer    | Reached skill level 9 in Summonings
  4368 | Sewer    | Learned a level 4 spell: Summon Lightning Spire
  4395 | Sewer    | Reached skill level 5 in Spellcasting
  4796 | D:4      | Noticed Menkaure
  4803 | D:4      | Killed Menkaure
  4804 | D:4      | Reached skill level 10 in Summonings
  4804 | D:4      | Reached XP level 8. HP: 13/52 MP: 12/16
  5181 | D:5      | Entered Level 5 of the Dungeon
  5185 | D:5      | Found a shimmering blue altar of Sif Muna.
  5425 | D:5      | Found a staircase to the Ecumenical Temple.
  5434 | Temple   | Entered the Ecumenical Temple
  5656 | D:5      | Noticed Blork the orc
  5662 | D:5      | Killed Blork the orc
  5663 | D:5      | Reached skill level 11 in Summonings
  5773 | D:5      | Found Ruxtouxki's Assorted Antiques.
  6002 | D:5      | Found a sparkling altar of Nemelex Xobeh.
  6002 | D:5      | Found a blossoming altar of Fedhas.
  6588 | D:6      | Reached XP level 9. HP: 20/57 MP: 11/19
  6660 | D:6      | Reached skill level 12 in Summonings
  6831 | D:6      | Found a shadowy altar of Dithmenos.
  7075 | D:6      | Learned a level 4 spell: Summon Blazeheart Golem
  7315 | D:7      | Reached skill level 13 in Summonings
  7440 | D:7      | Found a hazy altar of Hepliaklqana.
  7535 | D:7      | Became a worshipper of Hepliaklqana the Forgotten
  7863 | D:8      | Noticed a hornet
  7866 | D:8      | Paralysed by a hornet for 3 turns
  7881 | D:8      | Killed a hornet
  8629 | D:8      | Reached * piety under Hepliaklqana
  8658 | D:8      | Found a shimmering altar of Xom.
  8684 | D:8      | Found an ornate altar of the Wu Jian Council.
  8860 | D:8      | Reached skill level 14 in Summonings
  8860 | D:8      | Reached XP level 10. HP: 56/56 MP: 17/22
  9186 | D:9      | Found an iron altar of Okawaru.
  9742 | D:9      | Reached skill level 15 in Summonings
  9785 | D:9      | Reached ** piety under Hepliaklqana
  9786 | D:9      | Remembered your ancestor Ntombi as a knight
  9840 | D:9      | Noticed Psyche
  9847 | D:9      | Killed Psyche
  9945 | D:9      | Found a white marble altar of Elyvilon.
 10309 | D:10     | Entered Level 10 of the Dungeon
 10341 | D:10     | Noticed a kobold demonologist
 10356 | D:10     | Killed a kobold demonologist
 10383 | D:10     | Reached skill level 16 in Summonings
 10651 | D:10     | Found Etott's Assorted Antiques.
 10667 | D:10     | Bought a translucent jade amulet for 140 gold pieces
 10667 | D:10     | Identified the amulet "Jonozeh" {rPois Regen+} (You bought
                  | it in a shop on level 10 of the Dungeon)
 10687 | D:10     | Learned a level 4 spell: Martyr's Knell
 10697 | D:10     | Found Wotuj's Magic Scroll Emporium.
 10703 | D:10     | Bought a scroll of teleportation for 51 gold pieces
 10703 | D:10     | Bought a scroll of identify for 34 gold pieces
 10703 | D:10     | Bought a scroll of blinking for 127 gold pieces
 10763 | D:10     | Reached XP level 11. HP: 46/59 MP: 10/24
 10872 | D:10     | Found Plog's Assorted Antiques.
 10910 | D:10     | Reached skill level 1 in Fighting
 10924 | D:10     | Reached skill level 10 in Spellcasting
 11614 | D:11     | Slain by a vampire mosquito

Illustrated notes

Levels and vault maps discovered:
D:1:      ncdulo_lavacross, layout_loops_corners
D:2:      layout_basic, kennysheep_generic_room_4
D:3:      wander_river, layout_basic, gammafunk_ghost_gnarly_gnolls,
          uniq_sigmund, uniq_jessica
D:4:      layout_loops_cross, portal_sewer_entry_d, serial_shops,
          nicolae_shop_overgrown_old_shop, uniq_menkaure
D:5:      layout_loops_ring, gammafunk_temple_overflow_statue,
          mainiacjoe_overflow_brackets, minmay_temple_entry_offerings,
          serial_shops, shop, nrook_mini_backslash, uniq_blork_the_orc
D:6:      layout_basic, grunt_dithmenos_smoke_and_mirrors
D:7:      layout_rooms, marbit_many_paths
D:8:      layout_basic, kennysheep_mini_moat, overflow_temple_1_default
D:9:      layout_stronghold, mainiacjoe_overflow_catch_the_wave,
          kennysheep_donut, uniq_psyche
D:10:     layout_long_grid, serial_shops, shop_statue, nicolae_diamond_shop,
          nicolae_inconvenience_store, serial_library,
          serial_library_regret_index_small_wings,
          serial_library_hellmonk_room_a,
          serial_library_regret_index_split_case,
          serial_library_hellmonk_hallway_a, grunt_ministairs_7
D:11:     layout_cross, lair_entry_dummy, gammafunk_ghost_grave
Temple:   nicolae_temple_bog_church

Skill      XL: |  1  2  3  4  5  6  7  8  9 10 11 |
---------------+----------------------------------+-----
Summonings     | 5 6 7 8 10 11 14 16 | 16.1
Spellcasting   | 3 4 5 6 8 9 10 | 10.2
Fighting       | 3 |  3.2
Dodging        | 3 |  3.7
Stealth        | |  1.7
Shields        | |  0.5

Action                     |  1- 3 |  4- 6 |  7- 9 | 10-12 || total
---------------------------+-------+-------+-------+-------++-------
  Melee: Whip              |    16 |       |       |       ||    16
         Unarmed           |     5 |       |       |       ||     5
         Halberd           |       |    45 |   183 |    48 ||   276
   Fire: Sling             |    74 |    76 |       |       ||   150
   Cast: Summon Small Mamm |     8 |     8 |    17 |     1 ||    34
         Call Canine Famil |     1 |     9 |    37 |    22 ||    69
         Call Imp          |     1 |     8 |    23 |    12 ||    44
         Summon Lightning  |       |       |     6 |    16 ||    22
         Martyr's Knell    |       |       |       |     4 ||     4
 Invoke: Ancestor Life: Kn |       |       |       |     1 ||     1
Ability: Hop               |     1 |     1 |     3 |     4 ||     9
    Use: Scroll            |       |       |       |     8 ||     8
   Stab: Sleeping          |     1 |     7 |     7 |       ||    15
         Distracted        |       |       |     1 |     2 ||     3
 Armour: Robe              |    32 |    60 |    18 |    53 ||   163
         Troll leather arm |       |       |   170 |    28 ||   198
  Dodge: Dodged            |    48 |    82 |   139 |    67 ||   336
